 Dungeon Crawl Stone Soup version 0.27.0-1-g7a089689b8 (webtiles) character file.

Game seed: 8947550505957445372

91 PBDoughboyy the Grasshopper (level 4, -5/38 HPs)
             Began as a Gnoll Warper on Aug 9, 2021.
             Splashed by Ijyb's acid (12 damage)
             ... on level 4 of the Dungeon.
             The game lasted 00:13:27 (2403 turns).

PBDoughboyy the Grasshopper (Gnoll Warper)          Turns: 2403, Time: 00:13:29

Health: -5/38      AC:  1    Str: 11    XL:     4   Next: 59%
Magic:  11/11      EV: 12    Int: 13    God:
Gold:   182        SH:  0    Dex: 11    Spells: 8/13 levels left

rFire    + . .     SeeInvis .   a - +0 falchion
rCold    x . .     Faith    .   (no shield)
rNeg     . . .     Spirit   .   b - +0 leather armour
rPois    .         Reflect  .   (no helmet)
rElec    .         Harm     .   (no cloak)
rCorr    .         Rampage  .   (no gloves)
Will     .....                  m - +1 pair of boots
Stlth    +.........             t - amulet of regeneration
HPRegen  1.12/turn              j - ring of fire
MPRegen  0.12/turn              (no ring)

@: corroded
A: fangs 1, strong nose, distributed training
a: no special abilities


You were on level 4 of the Dungeon.
You visited 1 branch of the dungeon, and saw 6 of its levels.

You collected 182 gold pieces.

Inventory:

Hand Weapons
 a - a +0 falchion (weapon)
Missiles
 d - 5 boomerangs of dispersal
 h - a throwing net (quivered)
Armour
 b - a +0 leather armour (worn)
 m - a +1 pair of boots (worn)
Jewellery
 j - a ring of fire (left hand)
 t - an amulet of regeneration (around neck)
 u - a ring of positive energy
Wands
 i - a wand of digging (8)
Scrolls
 c - a scroll of teleportation
 l - a scroll of magic mapping
Potions
 e - 2 potions of magic
 f - 2 potions of heal wounds
 g - a potion of curing
 p - a potion of haste {unknown}
 q - a potion of berserk rage {unknown}
 s - 3 potions of mutation {unknown}
 v - a potion of invisibility {unknown}


   Skills:
 + Level 4.6 Fighting
 + Level 1.2 Short Blades
 + Level 4.6 Long Blades
 + Level 1.2 Axes
 + Level 1.2 Maces & Flails
 + Level 1.2 Polearms
 + Level 1.2 Staves
 + Level 1.2 Slings
 + Level 1.2 Bows
 + Level 1.2 Crossbows
 + Level 2.8 Throwing
 + Level 2.8 Armour
 + Level 4.6 Dodging
 + Level 1.2 Stealth
 + Level 1.2 Shields
 + Level 1.2 Unarmed Combat
 + Level 5.1 Spellcasting
 + Level 1.0 Conjurations
 + Level 1.0 Hexes
 + Level 1.0 Summonings
 + Level 1.0 Necromancy
 + Level 5.5 Translocations
 + Level 1.0 Transmutations
 + Level 1.0 Fire Magic
 + Level 1.0 Ice Magic
 + Level 1.0 Air Magic
 + Level 1.0 Earth Magic
 + Level 1.0 Poison Magic
 + Level 1.3 Invocations
 + Level 1.2 Evocations


You had 8 spell levels left.
You knew the following spells:

 Your Spells              Type           Power      Damage    Failure   Level
a - Blink                 Tloc           N/A        N/A       3%          2
b - Teleport Other        Tloc           17%        N/A       8%          3

Your spell library contained the following spells:

 Spells                   Type           Power      Damage    Failure   Level
 Gell's Gravitas          Tloc           8%         N/A       8%          3
 Lesser Beckoning         Tloc           8%         N/A       8%          3
 Shock                    Conj/Air       20%        1d4       16%         1
 Swiftness                Air            5%         N/A       43%         3
 Manifold Assault         Tloc           17%        N/A       56%         5
 Airstrike                Air            2%         N/A       83%         4


Dungeon Overview and Level Annotations

Branches:
Dungeon (6/15)
 Temple: D:4-7

Altars:

Annotations:
D:3 1 runed translucent door, trckry's ghost, amateur DEFE
D:4 Ijyb


Innate Abilities, Weirdness & Mutations

You have very sharp teeth.
Your uncanny sense of smell can sniff out nearby items.
Your experience applies equally to all skills.


Message History

You hit the worm.
The worm is almost dead.
You hit the worm.
You kill the worm!
You see here a worm corpse.
c - a scroll of teleportation You now have 182 gold pieces (gained 8).
You open the door.
Found an ivory wand.
There is an open door here.
i - a wand of digging (8)
You open the door.
There is an open door here.
Ijyb the Twisted Goblin comes into view.
She is wielding a +0 dagger and carrying a wand of acid (9).
Ijyb shouts!
Ijyb zaps a wand.
The bolt of acid misses you.
Ijyb zaps a wand.
The bolt of acid hits you. The acid corrodes you!
You are splashed with acid!
Ijyb closely misses you.
You riposte.
You hit Ijyb but do no damage.
Found a robe.
You hit Ijyb.
Ijyb is lightly wounded.
Ijyb closely misses you.
You riposte.
You hit Ijyb.
Ijyb is lightly wounded.
You hit Ijyb. You bite Ijyb, but do no damage.
Ijyb is moderately wounded.
Ijyb hits you with a +0 dagger.
You hit Ijyb.
Ijyb is moderately wounded.
Ijyb closely misses you.
You hit Ijyb but do no damage.
Ijyb is moderately wounded.
Ijyb barely misses you.
You barely miss Ijyb.
Ijyb is moderately wounded.
Ijyb zaps a wand.
The bolt of acid hits you!!
Ouch! That really hurt!
* * * LOW HITPOINT WARNING * * *
You are splashed with acid!
You die...

*,,,,,* *,,,*
#...[.# *,,,*
#.....# **,,,*
#.....#*****,,,*****
#.....#*,,,**,**,,,*
#.....#,8,8,*,*,8,8,
#.....#,,_,,*,*,,_,,
#..g.#*,8,,,*,*,,,8,
#..@.###,,,+*,*+,,,*
#......####*,,,*****
#..........,,⌠,,,,..
#......####*,,,***##
#....###,,,+*,*+,,,#
#....##,8,,,*,*,,,8,
#.....#,,_,,*,*,,_,,
#.....#,8,8,*,*,8,8,
#.....#*,,,**,**,,,*


You could see Ijyb.

Vanquished Creatures
  A hound skeleton (D:2)
  An adder (D:4)
  2 worms
  5 orcs
  2 ball pythons
  2 endoplasms
  A giant cockroach (D:3)
  4 goblins
  4 hobgoblins
  11 jackals
  7 kobolds
  4 quokkas
  3 bats
  2 rats
49 creatures vanquished.

Notes
Turn   | Place    | Note
-------+----------+-------------------------------------------
     0 | D:1      | PBDoughboyy the Gnoll Warper began the quest for the Orb.
     0 | D:1      | Reached XP level 1. HP: 20/20 MP: 6/6
   331 | D:1      | Reached XP level 2. HP: 25/26 MP: 7/7
   334 | D:1      | Learned a level 2 spell: Blink
   346 | D:1      | Found a faded altar of an unknown god.
   894 | D:2      | Reached skill level 5 in Spellcasting
   894 | D:2      | Reached XP level 3. HP: 27/31 MP: 7/9
   898 | D:2      | Learned a level 3 spell: Teleport Other
  1387 | D:2      | You fall into a shaft and drop 2 floors!
  1414 | D:4      | Reached skill level 1 in Invocations
  1547 | D:4      | Reached skill level 1 in Short Blades
  1547 | D:4      | Reached skill level 1 in Axes
  1547 | D:4      | Reached skill level 1 in Maces & Flails
  1547 | D:4      | Reached skill level 1 in Polearms
  1547 | D:4      | Reached skill level 1 in Staves
  1547 | D:4      | Reached skill level 1 in Slings
  1547 | D:4      | Reached skill level 1 in Bows
  1547 | D:4      | Reached skill level 1 in Crossbows
  1547 | D:4      | Reached skill level 1 in Stealth
  1547 | D:4      | Reached skill level 1 in Shields
  1547 | D:4      | Reached skill level 1 in Unarmed Combat
  1547 | D:4      | Reached skill level 1 in Evocations
  1668 | D:3      | Reached XP level 4. HP: 38/38 MP: 11/11
  1833 | D:3      | Found a runed translucent door.
  1833 | D:3      | Noticed trckry's ghost (amateur DEFE)
  2242 | D:3      | Reached skill level 1 in Conjurations
  2242 | D:3      | Reached skill level 1 in Hexes
  2242 | D:3      | Reached skill level 1 in Summonings
  2242 | D:3      | Reached skill level 1 in Necromancy
  2242 | D:3      | Reached skill level 1 in Transmutations
  2242 | D:3      | Reached skill level 1 in Fire Magic
  2242 | D:3      | Reached skill level 1 in Ice Magic
  2242 | D:3      | Reached skill level 1 in Air Magic
  2242 | D:3      | Reached skill level 1 in Earth Magic
  2242 | D:3      | Reached skill level 1 in Poison Magic
  2267 | D:3      | You fall into a shaft and drop 3 floors!
  2268 | D:6      | Noticed an orc warrior
  2286 | D:6      | Noticed a sky beast
  2286 | D:6      | Noticed a black bear
  2287 | D:6      | Noticed a scorpion
  2290 | D:6      | HP: 1/38 [orc warrior (14)]
  2304 | D:5      | Entered Level 5 of the Dungeon
  2394 | D:4      | Noticed Ijyb
  2403 | D:4      | Splashed by Ijyb's acid

Illustrated notes

Levels and vault maps discovered:
D:1:      lemuel_arrival_cross, layout_basic, hellmonk_ecumenical_altar_zigzags
D:2:      layout_basic, minmay_pentomino_s4
D:3:      layout_loops_ring, grunt_temple_overflow_holy_war,
          ebering_ghost_inner_flame
D:4:      layout_gridville, grunt_temple_overflow_cloverleaf, uniq_ijyb
D:5:      minmay_opposing_rooms, layout_loops_ring, uniq_eustachio
D:6:      layout_cave_pools

Skill      XL: |  1  2  3  4 |
---------------+-------------+-----
Spellcasting   | 5 |  5.1
Invocations    | 1 |  1.3
Short Blades   | 1 |  1.2
Axes           | 1 |  1.2
Maces & Flails | 1 |  1.2
Polearms       | 1 |  1.2
Staves         | 1 |  1.2
Slings         | 1 |  1.2
Bows           | 1 |  1.2
Crossbows      | 1 |  1.2
Stealth        | 1 |  1.2
Shields        | 1 |  1.2
Unarmed Combat | 1 |  1.2
Evocations     | 1 |  1.2
Conjurations   | 1 |  1.0
Hexes          | 1 |  1.0
Summonings     | 1 |  1.0
Necromancy     | 1 |  1.0
Transmutations | 1 |  1.0
Fire Magic     | 1 |  1.0
Ice Magic      | 1 |  1.0
Air Magic      | 1 |  1.0
Earth Magic    | 1 |  1.0
Poison Magic   | 1 |  1.0
Fighting       | |  4.6
Long Blades    | |  4.6
Throwing       | |  2.8
Armour         | |  2.8
Dodging        | |  4.6
Translocations | |  5.5

Action                   |  1- 3 |  4- 6 || total
-------------------------+-------+-------++-------
Melee: Falchion          |    97 |   113 ||   210
       Bite              |     3 |     6 ||     9
       Punch             |       |     1 ||     1
 Cast: Teleport Other    |     1 |       ||     1
       Blink             |       |     6 ||     6
  Use: Scroll            |       |    10 ||    10
 Stab: Sleeping          |     1 |       ||     1
Armor: Leather armour    |    21 |    25 ||    46
Dodge: Dodged            |    84 |    88 ||   172
       Rpst.: Falchion   |    28 |    25 ||    53
